 Dungeon Crawl Stone Soup version 0.29-a0-617-g7a6b98fccd (webtiles) character file.

Game seed: 16417333090039014134

136 Newt the Skirmisher (level 4, -4/37 HPs)
             Began as a Demonspawn Abyssal Knight on June 17, 2022.
             Was a Believer of Lugonu.
             Succumbed to a water moccasin's poison
             ... on level 5 of the Dungeon.
             The game lasted 00:13:28 (2265 turns).

Newt the Skirmisher (Demonspawn Abyssal Knight)     Turns: 2265, Time: 00:13:28

Health: -4/37      AC: 12    Str: 15    XL:     4   Next: 98%
Magic:  4/5        EV:  6    Int: 12    God:    Lugonu [**....]
Gold:   173        SH:  4    Dex: 13    Spells: 3/3 levels left

rFire   . . .      SeeInvis .   h - +3 spear
rCold   . . .      Faith    .   (no shield)
rNeg    . . .      Spirit   .   j - +0 chain mail
rPois   .          Reflect  .   (no helmet)
rElec   .          Harm     .   (no cloak)
rCorr   .          Rampage  .   (no gloves)
Will    .....                   (no boots)
Stlth   ..........              (no amulet)
HPRegen 0.12/turn               p - +4 ring of protection
MPRegen 0.09/turn               (no ring)

@: lethally poisoned (-4 -> -40)
A: large bone plates 1, foul stench 1
a: Renounce Religion, Depart the Abyss, Bend Space


You were on level 5 of the Dungeon.
You worshipped Lugonu.
Lugonu was pleased with you.
You visited 1 branch of the dungeon, and saw 5 of its levels.
You visited the Abyss 1 time.

You collected 173 gold pieces.

Inventory:

Hand Weapons
 a - a +1 spear
 h - a +3 spear (weapon)
Missiles
 c - 6 javelins
Armour
 b - a +0 leather armour
 j - a +0 chain mail (worn)
Magical Staves
 m - a staff of poison
Jewellery
 f - a ring of fire
 p - a +4 ring of protection (left hand)
Wands
 i - a wand of flame (24)
Scrolls
 g - a scroll of identify {unknown}
 n - a scroll of amnesia {unknown}
Potions
 d - a potion of berserk rage {unknown}
 e - a potion of mutation {unknown}
 k - 2 potions of resistance {unknown}
 l - a potion of heal wounds {unknown}
 o - a potion of haste {unknown}


   Skills:
 + Level 3.8 Fighting
 * Level 3.8 Polearms
 * Level 2.3 Armour
 - Level 0.8 Dodging
 * Level 2.6 Invocations


You had 3 spell levels left.
You didn't know any spells.
Your spell library was empty.

Dungeon Overview and Level Annotations

Branches:
Dungeon (5/15)
 Temple: D:4-7

Altars:

Shops:
D:4 [


Innate Abilities, Weirdness & Mutations

You are partially covered in large bone plates. (SH +4)
You may rarely emit foul miasma when damaged in melee.


Message History

You hit the water moccasin.
The water moccasin is heavily wounded.
You block the water moccasin's attack.
You miss the water moccasin.
The water moccasin is heavily wounded.
The water moccasin barely misses you.
You hit the water moccasin but do no damage.
The water moccasin is heavily wounded.
The water moccasin bites you.
You hit the water moccasin.
The water moccasin is severely wounded.
The water moccasin bites you but does no damage. x2
You hit the water moccasin but do no damage.
The water moccasin is severely wounded.
The water moccasin bites you but does no damage.
You closely miss the water moccasin.
The water moccasin is severely wounded.
The water moccasin bites you but does no damage.
You hit the water moccasin.
The water moccasin is severely wounded.
The water moccasin bites you.
You are poisoned.
The water moccasin poisons you!
The water moccasin bites you but does no damage.
You closely miss the water moccasin.
The water moccasin is severely wounded.
You feel very sick. The water moccasin bites you.
You are lethally poisoned!
The water moccasin poisons you!
You barely miss the water moccasin.
The water moccasin is severely wounded.
* * * LOW HITPOINT WARNING * * *
You feel very sick. The water moccasin bites you.
* * * LOW HITPOINT WARNING * * *
You are more poisoned.
The water moccasin poisons you! Space bends violently around you!
You blink.
You die...

#......##
#.......#
#......##
#.......## .
#........# ..
#...§S...## ..#
##........##
..# #.........#
..#
#......@.###..#
#.......<.<..#
###.........##
########..#
#.## #.# ..#
.## .


You could see a water moccasin.

Vanquished Creatures
  A jelly (D:3)
  2 iguanas (D:4)
  An adder (D:3)
  A worm (D:3)
  2 dart slugs (D:1)
  3 orcs (D:3)
  4 bats
  5 endoplasms
  2 giant cockroaches
  6 goblins
  A hobgoblin (D:4)
  A quokka (D:4)
  A ball python (D:3)
  A frilled lizard (D:1)
  2 kobolds (D:3)
  3 rats
36 creatures vanquished.

Notes
Turn   | Place    | Note
-------+----------+-------------------------------------------
     0 | Abyss:1  | Newt the Demonspawn Abyssal Knight began the quest for the
                  | Orb.
     0 | Abyss:1  | Reached XP level 1. HP: 18/18 MP: 2/2
    75 | Abyss:1  | Noticed a quasit
    77 | Abyss:1  | Noticed a wretched star
    78 | D:1      | Escaped the Abyss
   333 | D:1      | Reached ** piety under Lugonu
   432 | D:1      | Gained mutation: You may rarely emit foul miasma when
                  | damaged in melee. [demonic ancestry]
   432 | D:1      | Reached XP level 2. HP: 10/24 MP: 3/3
  1146 | D:3      | Gained mutation: You are partially covered in large bone
                  | plates. (SH +4) [demonic ancestry]
  1146 | D:3      | Reached XP level 3. HP: 21/29 MP: 4/4
  1738 | D:3      | Reached XP level 4. HP: 27/37 MP: 5/5
  1905 | D:4      | Found Lonettef's Armour Shoppe.
  2231 | D:5      | Entered Level 5 of the Dungeon
  2231 | D:5      | Noticed a water moccasin
  2265 | D:5      | Succumbed to a water moccasin's poison

Illustrated notes

Levels and vault maps discovered:
D:1:      erik_arrival_orb_chamber, layout_loops_ring
D:2:      layout_basic, nicolae_concentric_dashed_squares_mild,
          kennysheep_generic_room_3, uniq_robin
D:3:      minmay_bubble_buster, layout_basic, serial_co_window_serial,
          co_window_of_opportunity_a, co_window_of_opportunity_a,
          co_window_corner_a, co_window_paths_a, co_window_paths_a,
          co_window_corner_cb, co_window_broadway_b, co_window_2corner,
          co_window_paths_d, co_window_paths_e, glass_columns_b,
          glass_columns_a, glass_columns_c, glass_columns_b, glass_columns_b
D:4:      layout_gridville, serial_shops, shop, nicolae_figureground_pulse,
          uniq_natasha
D:5:      layout_cave_pods, general_overflow_altar,
          minmay_temple_entry_overgrown

Skill      XL: |  1  2  3 |
---------------+----------+-----
Polearms       | 2 3 |  3.8
Armour         | 2 |  2.3
Fighting       | |  3.8
Dodging        | |  0.8
Invocations    | |  2.6

Action                   |  1- 3 |  4- 6 || total
-------------------------+-------+-------++-------
Melee: Spear             |    95 |    67 ||   162
Invok: Depart the Abyss  |     1 |       ||     1
       Bend Space        |       |     2 ||     2
Armor: Leather armour    |    22 |       ||    22
       Chain mail        |    21 |    28 ||    49
Dodge: Dodged            |    35 |    17 ||    52
Block: Other             |     5 |     7 ||    12

Table legend: (Time is in decaauts)
 A = Elapsed time spent in this place.
 B = Non-inter-level travel time spent in this place.
 C = Inter-level travel time spent in this place.
 D = Time resting spent in this place.
 E = Time spent auto-exploring this place.
 F = Levels seen in this place.
 G = Mean time per level.
                   A        B        C        D        E       F      G
               +--------+--------+--------+--------+--------+-----+--------+
         Total |   2258 |   2203 |     55 |    959 |      0 |   6 |  376.3 |
       Dungeon |   2180 |   2125 |     55 |    959 |      0 |   5 |  436.0 |
         Abyss |     78 |     78 |      0 |      0 |      0 |   1 |   78.0 |
               +--------+--------+--------+--------+--------+-----+--------+

Top non-repeatable levels by time:
     D:3: 832 daAuts
     D:1: 717 daAuts
     D:4: 407 daAuts
     D:2: 191 daAuts
 Abyss:1: 78 daAuts
     D:5: 31 daAuts
